cohdb
Replays
Latest Replays
All Replays
Popular Replays
Top Player Replays
Match Explorer
How It Works
Community
CoH3 Stats
Reddit
Sign in to upload your games and track your stats! →
Sign in with Steam
Match 43625676
Unlisted
Match 43625676
Overview
Messages
Build Orders
End
Panzergrenadier Squad
Panzergrenadier Squad
250 Light Carrier
Panzergrenadier Squad
Construct Light Support Kompanie
Panzerjäger Squad
Fire Support Elements
Veteran Squad Leaders
Selects Armored Support Battlegroup
Selects Salvage Kits
2.5-tonne Medical Truck
Construct Panzerarmee Kommand
Selects Panzer Storm
Walking Stuka Rocket Launcher
Panzer III L Medium Tank
Vehicle Survival Package
Selects Veteran Gunners
Tungsten Core Ammunition
Armored Reserves
Emergency Repair Kits
Selects Stuka Dive Bomb
Tiger Heavy Tank
Panzer III L Medium Tank
Selects Flammpanzer III Medium Tank
Stuka Dive Bomb
Panzer III L Medium Tank
Tiger Heavy Tank
Selects Command Panzer IV F Medium Tank
Panzer III L Medium Tank
Panzer III L Medium Tank
Panzer III L Medium Tank
Panzer Storm
Panzer III L Medium Tank
Stuka Dive Bomb
Flak 36 Anti-tank Gun Team
Panzer III L Medium Tank
Panzer Storm
Panzer III L Medium Tank
Jeremy
JT
陈浩南
只出曲线
Petranodon
Bismarck
jun001122
Zannen
0
0
Comments
sign in to comment!
No comments posted yet!